 Dungeon Crawl Stone Soup version 0.22.1-1-ga44c0e5 (webtiles) character file.

40492 Harpaggios the Fighter (level 14, -8/113 HPs)
             Began as a Barachi Fighter on Oct 14, 2018.
             Was a High Priest of Qazlal.
             Killed from afar by a rime drake (29 damage)
             ... with a flash freeze
             ... on level 6 of the Lair of Beasts on Oct 15, 2018.
             The game lasted 02:16:43 (16859 turns).

Harpaggios the Fighter (Barachi Fighter)           Turns: 16859, Time: 02:16:47

Health: -8/113     AC: 37    Str: 26    XL:     14   Next: 11%
Magic:  19/21      EV: 12    Int:  8    God:    Qazlal [*****.]
Gold:   747        SH: 19    Dex: 14    Spells: 13/13 levels left

rFire    + . .     SeeInvis .   z - +2 flail (protect)
rCold    . . .     Gourm    .   l - +0 shield {AC+3}
rNeg     . . .     Faith    .   B - +4 plate armour {rF+}
rPois    +         Spirit   .   C - +0 helmet
rElec    .         Reflect  .   (no cloak)
rCorr    .         Harm     .   (no gloves)
MR       +....                  c - +2 pair of boots
Stlth    ..........             (no amulet)
HPRegen  0.28/turn              p - +3 ring of strength
MPRegen  0.17/turn              E - ring of poison resistance

@: protected from physical damage, protection aura, repel missiles, slow
A: +LOS, swims, agile 1, slowness 1, MP-powered wands, strong legs 2
a: Hop, Upheaval, Elemental Force, Disaster Area, Renounce Religion


You were on level 6 of the Lair of Beasts.
You worshipped Qazlal.
Qazlal was extremely pleased with you.
You were hungry.

You visited 2 branches of the dungeon, and saw 17 of its levels.
You also visited: Volcano.

You collected 979 gold pieces.
You spent 232 gold pieces at shops.

Inventory:

Hand Weapons
 z - a +2 flail of protection (weapon)
 A - a +0 demon blade of flaming
 H - a -1 mace of draining
 I - a -1 mace of holy wrath
 L - the +9 falchion "Iqadd" {slice, rN++}
   (You found it on level 5 of the Lair of Beasts)

   It inflicts extra damage upon your enemies.
   It greatly protects you from negative energy.
Armour
 c - a +2 pair of boots (worn)
 l - a +0 shield of protection (worn)
 B - a +4 plate armour of fire resistance (worn)
 C - a +0 helmet (worn)
Jewellery
 j - an uncursed ring of protection from fire
 p - a +3 ring of strength (left hand)
 E - a ring of poison resistance (right hand)
 G - a +4 ring of intelligence
Wands
 m - a wand of paralysis (3)
 v - a wand of disintegration (7)
 y - a wand of digging (9)
 F - a wand of flame (57)
 M - a wand of scattershot (5)
Scrolls
 a - 6 scrolls of immolation
 k - 2 scrolls of remove curse
 q - 6 scrolls of magic mapping
 r - 3 scrolls of enchant weapon
 s - 2 scrolls of fog
 t - 2 scrolls of enchant armour
 x - 4 scrolls of teleportation
 D - 3 scrolls of amnesia
 K - a scroll of blinking
Potions
 b - a potion of magic
 d - 2 potions of might
 e - 2 potions of resistance
 g - 3 potions of heal wounds
 h - a potion of berserk rage
 n - 3 potions of curing
 o - 5 potions of brilliance
 u - 3 potions of lignification
 w - a potion of agility
 J - a potion of cancellation
Comestibles
 f - 34 rations


   Skills:
 + Level 11.5 Fighting
 - Level 4.3 Long Blades
 - Level 11.0 Maces & Flails
 + Level 11.2 Armour
 + Level 10.9 Dodging
 + Level 11.1 Shields
 - Level 10.0 Invocations


You had 13 spell levels left.
You didn't know any spells.
Your spell library contained the following spells:

 Spells                   Type           Power        Failure   Level  Hunger
 Animate Skeleton         Necr           N/A          99%         1    ##.....
 Apportation              Tloc           #.....       99%         1    ##.....
 Confusing Touch          Hex            #.....       99%         1    ##.....
 Infusion                 Chrm           #...         99%         1    ##.....
 Magic Dart               Conj           #...         99%         1    ##.....
 Pain                     Necr           #...         99%         1    ##.....
 Summon Small Mammal      Summ           #...         99%         1    ##.....
 Blink                    Tloc           N/A          100%        2    ###....
 Call Imp                 Summ           #.......     100%        2    ###....
 Searing Ray              Conj           #.....       100%        2    ###....
 Shroud of Golubria       Chrm/Tloc      #.........   100%        2    ###....
 Slow                     Hex            #.......     100%        2    ###....
 Song of Slaying          Chrm           #.......     100%        2    ###....
 Conjure Flame            Conj/Fire      #.......     100%        3    ####...
 Dazzling Spray           Conj/Hex       #.....       100%        3    ####...
 Mephitic Cloud           Conj/Pois/Air  #.......     100%        3    ####...
 Regeneration             Chrm/Necr      #.........   100%        3    ####...
 Spectral Weapon          Hex/Chrm       #.......     100%        3    ####...
 Vampiric Draining        Necr           #.........   100%        3    ####...
 Animate Dead             Necr           N/A          100%        4    #####..
 Force Lance              Conj/Tloc      #.......     100%        4    #####..
 Fulminant Prism          Conj/Hex       #.........   100%        4    #####..
 Iskenderun's Mystic Bla  Conj           #.......     100%        4    #####..


Dungeon Overview and Level Annotations

Branches:
Dungeon (11/15)              Lair (6/6) D:9           Swamp (0/4) Lair:3
 Spider (0/4) Lair:2        Slime (0/5) Lair:6
 Temple: D:4-7          Orc: D:9-12

Altars:
Cheibriados
Elyvilon
Gozag
Kikubaaqudgha
Qazlal
Ru
Sif Muna
Uskayaw
Vehumet
Beogh
Jiyva

Shops:
D:7 [

Annotations:
Lair:4 exclusion: 2 oklob plants


Innate Abilities, Weirdness & Mutations

Shadows flee at your approach. (+LOS)
You can swim through water.
You cover ground slowly.
You can hop long distances.
You are agile. (Dex +2)
You expend magic power (3 MP) to strengthen your wands.


Message History

You sock the polar bear!
The polar bear is almost dead.
You block the polar bear's attack. x2
The polar bear claws you but does no damage.
You hit the polar bear but do no damage.
The polar bear is almost dead.
You hear an angry hiss.
You block the polar bear's attack. The polar bear closely misses you.
You block the polar bear's attack.
The polar bear bites you but does no damage.
The polar bear claws you but does no damage.
The polar bear barely misses you.
You closely miss the polar bear.
The polar bear is almost dead.
You hear an angry hiss.
You block the polar bear's attack. x2
The polar bear claws you but does no damage.
The rime drake breathes ice at you. The flash freeze hits you!
You die...

#...≈......$.....#
#.PP.♣...........
#P≈P.............
#.≈≈≈♣...........
#≈≈≈....†........
#...........≈
##.§§†.§≈.≈..
#.....k.≈##≈≈
##.§§@#≈≈#
##.h##≈.≈P≈ #.§†.#
≈≈≈≈≈ .........
##≈#
...........l.. #
............P≈≈≈
..##.........≈≈≈#
. #........≈##≈#
#....>_..≈. #


You could see a polar bear (berserk) and a rime drake.

Vanquished Creatures
  The ghost of Curus the Severer, a journeyman MiBe of Trog (Lair:1)
  5 hydras
  Erica (Lair:1)
  3 two-headed ogres
  Nergalle (Lair:2)
  A sea snake (Lair:6)
  The ghost of Erlindor the Firebug, a novice GrFE of Makhleb (D:7)
  A wolf spider (Lair:2)
  3 salamanders (Volcano)
  18 elephants
  A torpor snail (Lair:4)
  Joseph (Lair:1)
  7 spiny frogs
  3 rime drakes (Lair:6)
  6 komodo dragons (Lair:5)
  A queen bee (Lair:1)
  A jumping spider (Lair:2)
  5 polar bears
  A hornet (Lair:6)
  10 blink frogs
  Grinder (D:4)
  10 hippogriffs
  A redback (Lair:2)
  18 yaks
  A spriggan (D:7)
  4 wyverns
  2 fire bats (Volcano)
  2 hungry ghosts
  2 basilisks (Lair:1)
  A fire elemental (Volcano)
  Grum (Lair:1)
  A steam dragon (Lair:4)
  10 water moccasins
  A hell hound (Volcano)
  10 porcupines
  An ice beast (D:7)
  5 orc warriors
  A black bear (D:9)
  A hornet zombie (D:6)
  A sky beast (D:8)
  A phantom (D:4)
  9 wolves
  7 ogres
  3 centaurs
  12 crocodiles
  8 bullfrogs
  2 big kobolds
  10 scorpions
  24 killer bees (Lair:1)
  5 wights
  2 electric eels (Lair:4)
  3 howler monkeys
  A bullfrog zombie (D:8)
  2 crimson imps
  7 hounds
  6 jellies
  10 orc wizards
  6 orc priests
  A bullfrog skeleton (D:5)
  4 iguanas
  Ijyb (D:6)
  Natasha (thrice) (D:2)
  6 worker ants
  A hound skeleton (D:9)
  A howler monkey zombie (D:4)
  Robin (D:4)
  3 gnolls (D:2)
  2 howler monkey skeletons
  14 adders
  3 shadow imps
  An ooze (D:2)
  3 adder skeletons
  An adder zombie (D:6)
  A dart slug (D:2)
  10 leopard geckos
  32 orcs
  4 giant cockroaches
  7 hobgoblins
  8 jackals
  18 kobolds
  3 quokkas
  3 ball pythons (D:3)
  8 bats
  6 frilled lizards
  16 goblins
  A leopard gecko skeleton (D:4)
  3 rats
428 creatures vanquished.

Vanquished Creatures (collateral kills)
  A spiny frog (Lair:6)
  A crocodile (Lair:6)
2 creatures vanquished.

Vanquished Creatures (others)
  A centaur (Volcano)
  A jelly (D:5)
  A bush (Lair:4)
  34 fungi
  15 plants
52 creatures vanquished.

Grand Total: 482 creatures vanquished

Notes
Turn   | Place    | Note
-------+----------+-------------------------------------------
     0 | D:1      | Harpaggios the Barachi Fighter began the quest for the Orb.
     0 | D:1      | Reached XP level 1. HP: 18/18 MP: 1/1
    16 | D:1      | Noticed a swamp drake
    16 | D:1      | Noticed a killer bee
    16 | D:1      | Noticed an anaconda
    16 | D:1      | Noticed a lindwurm
    16 | D:1      | Noticed a black bear
   181 | D:1      | Reached XP level 2. HP: 25/25 MP: 2/2
   339 | D:1      | Reached skill level 1 in Dodging
   662 | D:2      | Reached XP level 3. HP: 26/30 MP: 3/3
   687 | D:2      | Noticed a bullfrog
   698 | D:2      | Killed a bullfrog
   698 | D:2      | Reached skill level 1 in Maces & Flails
   698 | D:2      | Reached XP level 4. HP: 31/37 MP: 4/4
   933 | D:2      | Reached XP level 5. HP: 41/43 MP: 5/5
  1180 | D:2      | Found a stormy altar of Qazlal.
  1185 | D:2      | Became a worshipper of Qazlal Stormbringer
  1198 | D:2      | Noticed a centaur
  1199 | D:2      | Noticed Natasha
  1202 | D:2      | Killed a centaur
  1202 | D:2      | Reached XP level 6. HP: 42/49 MP: 6/6
  1208 | D:2      | Killed Natasha
  1461 | D:2      | Noticed Natasha
  1472 | D:2      | Killed Natasha
  1476 | D:2      | Noticed Natasha
  1488 | D:2      | Killed Natasha
  1488 | D:2      | Reached skill level 5 in Fighting
  1662 | D:3      | Reached skill level 5 in Armour
  2143 | D:4      | Noticed Robin
  2268 | D:4      | Reached * piety under Qazlal
  2299 | D:4      | Killed Robin
  2322 | D:4      | Reached XP level 7. HP: 39/56 MP: 7/7
  2599 | D:4      | Noticed Grinder
  2614 | D:4      | Killed Grinder
  2614 | D:4      | Reached skill level 5 in Shields
  2624 | D:4      | Noticed Ijyb
  2974 | D:4      | Reached XP level 8. HP: 61/64 MP: 8/8
  3348 | D:5      | Entered Level 5 of the Dungeon
  3423 | D:5      | Reached ** piety under Qazlal
  3718 | D:5      | You fall through a shaft for 2 floors!
  3795 | D:6      | Killed Ijyb
  4342 | D:6      | Found a hide-covered altar of Uskayaw.
  4359 | D:6      | Reached skill level 5 in Dodging
  4363 | D:6      | Reached skill level 5 in Maces & Flails
  4364 | D:6      | Reached XP level 9. HP: 22/72 MP: 9/9
  4471 | D:6      | Found a deep blue altar of Sif Muna.
  5091 | D:6      | Reached skill level 1 in Invocations
  5116 | D:6      | Gained mutation: You expend magic power (3 MP) to
                  | strengthen your wands. [potion of mutation]
  5116 | D:6      | Gained mutation: You are agile. (Dex +2) [potion of
                  | mutation]
  5334 | D:7      | Found Nulo's Antique Armour Boutique.
  5336 | D:7      | Found a runed gate.
  5336 | D:7      | Found a runed gate.
  5337 | D:7      | Found a runed gate.
  5343 | D:7      | Noticed Erlindor's ghost (novice GrFE)
  5377 | D:7      | Killed Erlindor's ghost
  5450 | D:7      | Bought a pair of embroidered boots for 232 gold pieces
  5844 | D:7      | Reached *** piety under Qazlal
  5943 | D:7      | Found an opulent altar of Gozag.
  6108 | D:7      | Reached XP level 10. HP: 71/79 MP: 12/12
  6521 | D:8      | Found an ancient bone altar of Kikubaaqudgha.
  6724 | D:8      | Noticed a two-headed ogre
  6741 | D:8      | Killed a two-headed ogre
  6768 | D:8      | Reached skill level 5 in Invocations
  7694 | D:9      | Found a white marble altar of Elyvilon.
  7757 | D:9      | Found a staircase to the Lair.
  7767 | Lair:1   | Entered Level 1 of the Lair of Beasts
  7838 | Lair:1   | Noticed Erica
  7862 | Lair:1   | Killed Erica
  7906 | Lair:1   | Found a runed door.
  7906 | Lair:1   | Noticed Joseph
  7914 | Lair:1   | Killed Joseph
  7914 | Lair:1   | Reached XP level 11. HP: 42/87 MP: 0/15
  7916 | Lair:1   | Noticed Curus's ghost (journeyman MiBe)
  7929 | Lair:1   | Found a dark tunnel.
  7937 | Volcano  | Entered a volcano
  8062 | Volcano  | Noticed a two-headed ogre
  8072 | Volcano  | Noticed a salamander
  8079 | Volcano  | Killed a two-headed ogre
  8091 | Volcano  | Killed a salamander
  8134 | Volcano  | Noticed a salamander
  8138 | Volcano  | Noticed a salamander
  8152 | Volcano  | Killed a salamander
  8172 | Volcano  | Killed a salamander
  9066 | D:9      | Found a roughly hewn altar of Beogh.
  9180 | D:9      | Found a sacrificial altar of Ru.
  9191 | D:9      | Found a radiant altar of Vehumet.
  9288 | D:10     | Entered Level 10 of the Dungeon
  9364 | D:10     | Reached **** piety under Qazlal
  9609 | D:10     | Noticed a two-headed ogre
  9621 | D:10     | Killed a two-headed ogre
  9749 | D:10     | Found the +7 Singing Sword
  9802 | D:10     | Found a snail-covered altar of Cheibriados.
 10142 | D:11     | Noticed a cyclops
 10179 | D:11     | Noticed a manticore
 10396 | Lair:1   | Noticed Grum
 10444 | Lair:1   | Killed Grum
 10867 | Lair:1   | Killed Curus's ghost
 10867 | Lair:1   | Reached XP level 12. HP: 78/97 MP: 7/17
 11071 | Lair:1   | Reached skill level 10 in Fighting
 11888 | Lair:2   | Reached skill level 10 in Armour
 11896 | Lair:2   | Found a hole to the Spider Nest.
 12065 | Lair:2   | Noticed Nergalle
 12077 | Lair:2   | Killed Nergalle
 12077 | Lair:2   | Reached skill level 10 in Shields
 12176 | Lair:2   | Noticed a seven-headed hydra
 12198 | Lair:2   | Killed a seven-headed hydra
 13263 | Lair:3   | Found a staircase to the Swamp.
 13546 | Lair:3   | Found a white marble altar of Elyvilon.
 13952 | Lair:4   | Reached skill level 10 in Maces & Flails
 13965 | Lair:4   | Noticed a seven-headed hydra
 13982 | Lair:4   | Killed a seven-headed hydra
 14040 | Lair:4   | Gained mutation: You can hop long distances. [Barachi
                  | growth]
 14040 | Lair:4   | Reached XP level 13. HP: 59/103 MP: 19/19
 14595 | Lair:4   | Reached skill level 10 in Dodging
 14663 | Lair:4   | Reached ***** piety under Qazlal
 16406 | Lair:5   | Got an ichor-stained falchion
 16407 | Lair:5   | Identified the +9 falchion "Iqadd" {slice, rN++} (You found
                  | it on level 5 of the Lair of Beasts)
 16748 | Lair:6   | Entered Level 6 of the Lair of Beasts
 16748 | Lair:6   | Found a staircase to the Slime Pits.
 16748 | Lair:6   | Found a viscous altar of Jiyva.
 16797 | Lair:6   | Reached XP level 14. HP: 41/113 MP: 17/21
 16837 | Lair:6   | Reached skill level 10 in Invocations
 16859 | Lair:6   | Killed from afar by a rime drake

Skill      XL: |  1  2  3  4  5  6  7  8  9 10 11 12 13 14 |
---------------+-------------------------------------------+-----
Dodging        | 1 2 3 4 5 6 8 9 10 | 10.9
Fighting       | 4 5 7 8 9 10 11 | 11.5
Maces & Flails | 1 2 3 5 6 7 8 10 11 | 11.0
Armour         | 4 5 6 8 9 10 11 | 11.2
Shields        | 4 5 6 7 8 9 10 11 | 11.1
Invocations    | 3 6 7 9 10 | 10.0
Long Blades    | 4 |  4.3

Action                   |  1- 3 |  4- 6 |  7- 9 | 10-12 | 13-15 || total
-------------------------+-------+-------+-------+-------+-------++-------
Melee: Long sword        |    24 |       |       |       |       ||    24
       Whip              |    41 |   230 |   484 |    36 |       ||   791
       Flail             |       |       |       |   935 |   452 ||  1387
       Falchion          |       |       |       |       |    35 ||    35
Invok: Upheaval          |       |       |       |     2 |     1 ||     3
       Elemental Force   |       |       |       |     2 |     2 ||     4
 Abil: Hop               |     1 |       |     1 |     9 |       ||    11
Evoke: Wand              |       |       |     8 |    25 |       ||    33
  Use: Potion            |       |     2 |    12 |     4 |     4 ||    22
       Scroll            |       |     2 |     7 |    14 |     2 ||    25
 Stab: Paralysed         |       |       |     9 |    18 |       ||    27
       Distracted        |       |       |       |     2 |       ||     2
  Eat: Chunk             |       |     6 |    14 |    22 |    10 ||    52
       Ration            |       |       |       |     4 |       ||     4
Armor: Scale mail        |    24 |    80 |    78 |   128 |       ||   310
       Skin              |       |       |       |     4 |    67 ||    71
       Plate armour      |       |       |       |   341 |   296 ||   637
Dodge: Dodged            |    17 |    71 |    86 |   349 |   242 ||   765
       Deflected         |       |       |       |       |     3 ||     3
Block: Shield            |    36 |   111 |   224 |   970 |   611 ||  1952
       Rpst.: Long sword |     2 |       |       |       |       ||     2
       Falchion          |       |       |       |       |     7 ||     7
